 Dungeon Crawl Stone Soup version 0.25-a0-661-g55ea3d2053 (webtiles) character file.

Game seed: 12417140064906397735, levelgen mode: deterministic

21900 nono the Fighter (level 12, -3/66 HPs)
             Began as a Vine Stalker Hunter on Mar 23, 2020.
             Was the Champion of Okawaru.
             Slain by Snorg (5 damage)
             ... on level 3 of the Lair of Beasts.
             The game lasted 01:12:50 (12435 turns).

nono the Fighter (Vine Stalker Hunter)             Turns: 12435, Time: 01:12:51

Health: -3/66      AC: 23    Str: 23    XL:     12   Next: 94%
Magic:  0/18       EV: 17    Int: 15    God:    Okawaru [******]
Gold:   226        SH:  0    Dex: 23    Spells: 11/11 levels left

rFire    + + .     SeeInvis .   b - +2 dagger (elec)
rCold    + . .     Gourm    .   (no shield)
rNeg     . . .     Faith    +   L - +2 plate armour {rF+}
rPois    .         Spirit   +   o - +2 helmet of Wamucw {Dex+8 Slay+3}
rElec    .         Reflect  .   w - +0 cloak {MR+}
rCorr    .         Harm     .   (no gloves)
MR       ++...                  (no boots)
Stlth    ..........             A - amulet of faith
HPRegen  1.01/turn              i - ring "Akkofeuhey" {rC+ Str+3 Int+4}
MPRegen  0.16/turn              F - ring of protection from fire

@: about to teleport, heroism
A: fangs 3, regeneration 2, magic shield, antimagic bite, no potion heal 3, rot
immunity
a: Heroism, Finesse, Renounce Religion


You were on level 3 of the Lair of Beasts.
You worshipped Okawaru.
Okawaru was exalted by your worship.
You were hungry.

You visited 4 branches of the dungeon, and saw 16 of its levels.
You also visited: Ice Cave and Volcano.

You collected 1048 gold pieces.
You spent 822 gold pieces at shops.

Inventory:

Hand Weapons
 a - a +3 dagger of venom
 b - a +2 dagger of electrocution (weapon)
 g - a +0 whip of electrocution
 S - a +1 scimitar of flaming
 U - a +2 eveningstar of flaming
Missiles
 c - 21 javelins (quivered)
 d - 3 throwing nets
 y - 3 silver javelins
Armour
 o - the +2 helmet of Wamucw (worn) {Dex+8 Slay+3}
   (You took it off Robin on level 3 of the Dungeon)

   It affects your dexterity (+8).
   It affects your accuracy and damage with ranged weapons and melee attacks
   (+3).
 w - a +0 cloak of magic resistance (worn)
 L - a +2 plate armour of fire resistance (worn)
 P - a +0 ring mail of fire resistance
 R - a scarf of repulsion
 V - a +2 cloak of fire resistance
Jewellery
 i - the ring "Akkofeuhey" (left hand) {rC+ Str+3 Int+4}
   (You found it on level 3 of the Lair of Beasts)

   [ring of protection from cold]

   It affects your strength (+3).
   It affects your intelligence (+4).
   It protects you from cold.
 k - an uncursed ring of protection from cold
 q - a cursed ring of magical power {unknown}
 t - a +4 amulet of reflection {unknown}
 v - a +4 ring of intelligence {unknown}
 x - an uncursed ring of flight {unknown}
 A - an amulet of faith (around neck)
 B - an uncursed ring of see invisible {unknown}
 F - a ring of protection from fire (right hand)
 N - an uncursed amulet of the acrobat {unknown}
Wands
 l - a wand of iceblast (11)
 u - a wand of polymorph (17)
 E - a wand of flame (11)
 J - a wand of enslavement (19)
 K - a wand of disintegration (10)
Scrolls
 e - a scroll of enchant armour
 j - a scroll of torment {unknown}
 m - 2 scrolls of remove curse
 p - 9 scrolls of teleportation
 s - 2 scrolls of enchant weapon
 C - a scroll of silence {unknown}
 G - 2 scrolls of amnesia
 Q - 2 scrolls of blinking {unknown}
 X - 2 scrolls of brand weapon {unknown}
 Y - a scroll of magic mapping
Potions
 n - a potion of might
 r - 4 potions of curing
 z - 2 potions of brilliance {unknown}
 H - a potion of lignification
 I - 2 potions of haste
 O - 4 potions of stabbing
 T - 2 potions of berserk rage {unknown}
 W - a potion of resistance {unknown}
Miscellaneous
 M - a phantom mirror
Comestibles
 f - 26 rations


   Skills:
 + Level 9.3(14.3) Fighting
 + Level 9.1(14.1) Short Blades
 - Level 3.6(8.6) Throwing
 + Level 8.3(13.3) Armour
 + Level 8.6(13.6) Dodging
 - Level 1.2(6.2) Stealth
 + Level 7.9 Invocations


You had 11 spell levels left.
You didn't know any spells.
Your spell library contained the following spells:

 Spells                   Type           Power        Failure   Level  Hunger
 Animate Skeleton         Necr           N/A          95%         1    ##.....
 Magic Dart               Conj           #...         95%         1    ##.....
 Pain                     Necr           #...         95%         1    ##.....
 Blink                    Tloc           N/A          98%         2    ###....
 Call Imp                 Summ           #.......     98%         2    ###....
 Slow                     Hex            #.......     98%         2    ###....
 Conjure Flame            Conj/Fire      #.......     100%        3    ####...
 Ignite Poison            Fire/Tmut/Pois #.......     100%        3    ####...
 Mephitic Cloud           Conj/Pois/Air  #.......     100%        3    ####...
 Vampiric Draining        Necr           #.........   100%        3    ####...
 Animate Dead             Necr           N/A          100%        4    #####..
 Agony                    Necr           #.......     100%        5    ######.
 Fireball                 Conj/Fire      #.........   100%        5    ######.
 Starburst                Conj/Fire      #.........   100%        6    #######
 Ring of Flames           Chrm/Fire      #.........   100%        7    #######
 Ignition                 Fire           #.........   100%        8    #######


Dungeon Overview and Level Annotations

Branches:
Dungeon (10/15)            Temple (1/1) D:5            Lair (3/6) D:10
 Shoals (0/4) Lair:2          Orc (2/2) D:10          IceCv (visited)
Volcano (visited)
  Snake: Lair:2-4    Spider: Lair:2-4       Elf: Orc:2

Altars:
Ashenzari
Cheibriados
Dithmenos
Elyvilon
Fedhas
Gozag
Hepliaklqana
Kikubaaqudgha
Makhleb
Nemelex Xobeh
Okawaru
Qazlal
Ru
Sif Muna
Trog
Uskayaw
Vehumet
Wu Jian
Xom
Yredelemnul
Zin
The Shining One

Shops:
D:9 *[=*!   D:10 :

Annotations:
D:2 Sigmund
D:6 1 runed translucent door
Lair:3 Snorg


Innate Abilities, Weirdness & Mutations

You have razor-sharp teeth.
You heal very quickly.
When hurt, damage is shared between your health and your magic reserves.
Your bite disrupts and absorbs the magic of your enemies.
Potions cannot restore your health.
You are immune to rotting.


Message History

As you read the scroll of teleportation, it crumbles to dust.
You feel strangely unstable. Snorg closely misses you. Snorg claws you!
* * * LOW HITPOINT WARNING * * *
Snorg claws you!
* * * LOW HITPOINT WARNING * * *
Okay, then.
Evoke which item? (* to show all) (? for menu, Esc to quit)
Okay, then.
Okay, then.
Evoke which item? (* to show all) (? for menu, Esc to quit)
Aiming: Enslavement
Press: ? - help, Shift-Dir - straight line, f - Snorg
Aim: Snorg (severely wounded, berserk, fast, unusually strong, extremely poisoned, chance to defeat MR: 15%)
Okay, then.
Evoke which item? (* to show all) (? for menu, Esc to quit)
Okay, then.
Unknown command.
Snorg rages.
Snorg completely misses you. Snorg claws you.
You die...

......?.#
........#
........## ###
.......P.##..#.
.....#.........
^...#...#......
#.............
###.##T........
##@.........
#............
#............
##...........#
##
##...........#
.####
#.............
.##.####
###..........#
....#..#
#..........#
##.....#######
##P.[....#


You could see Snorg (berserk).

Vanquished Creatures
  A red draconian (Volcano)
  A hydra (Lair:2)
  Erica (Orc:1)
  2 two-headed ogres
  An orc high priest (Orc:1)
  The ghost of TimmyIs the Magician, a novice NaIE of Nemelex Xobeh (D:7)
  A salamander mystic (Volcano)
  An orc sorcerer (Orc:1)
  An oklob plant (Lair:3)
  A deep elf mage (D:8)
  6 salamanders (Volcano)
  The ghost of Tux the Geomancer, a novice DDEE (D:6)
  A black mamba (Lair:1)
  3 spiny frogs
  3 komodo dragons
  4 trolls
  A hornet (D:6)
  2 polar bears (Lair:2)
  3 hippogriffs
  7 yaks
  A basilisk (Lair:1)
  2 hungry ghosts
  A steam dragon (D:9)
  2 wargs
  3 water moccasins (Lair:2)
  4 porcupines
  2 black bears
  9 ice beasts
  10 orc warriors
  2 sky beasts
  A necrophage (D:10)
  6 ogres
  9 wolves
  5 crocodiles
  A centaur (D:10)
  6 bullfrogs
  A big kobold (D:10)
  A wyvern skeleton (D:8)
  2 scorpions
  6 killer bees (D:7)
  4 howler monkeys
  2 electric eels (D:10)
  3 crimson imps
  A bullfrog zombie (D:9)
  A jelly (D:9)
  9 orc priests
  A centaur zombie (D:7)
  9 hounds
  11 orc wizards
  2 iguanas
  8 worker ants
  Terence (D:3)
  A hound zombie (D:7)
  A worker ant zombie (D:9)
  Robin (D:3)
  10 adders
  2 river rats
  4 shadow imps
  An adder zombie (D:9)
  An adder skeleton (D:6)
  A worm (D:5)
  2 dart slugs
  3 leopard geckos
  70 orcs
  A ball python (D:3)
  13 giant cockroaches
  18 goblins
  9 hobgoblins
  10 jackals
  13 kobolds
  5 quokkas
  4 bats
  A frilled lizard (D:1)
  A leopard gecko zombie (D:6)
  A quokka skeleton (D:5)
  6 rats
347 creatures vanquished.

Vanquished Creatures (collateral kills)
  An orc priest (Orc:1)
  2 orcs (Orc:1)
3 creatures vanquished.

Vanquished Creatures (others)
  An orc warrior (Orc:1)
1 creature vanquished.

Grand Total: 351 creatures vanquished

Notes
Turn   | Place    | Note
-------+----------+-------------------------------------------
     0 | D:1      | nono the Vine Stalker Hunter began the quest for the Orb.
     0 | D:1      | Reached XP level 1. HP: 11/11 MP: 2/2
   142 | D:1      | Reached XP level 2. HP: 11/15 MP: 3/3
   533 | D:1      | Reached skill level 1 in Short Blades
   533 | D:1      | Reached XP level 3. HP: 13/18 MP: 1/4
   728 | D:2      | Found an opulent altar of Gozag.
   778 | D:2      | Reached skill level 1 in Armour
  1260 | D:2      | Gained mutation: Your natural rate of healing is unusually
                  | fast. [Vine Stalker growth]
  1260 | D:2      | Reached XP level 4. HP: 21/23 MP: 5/5
  1348 | D:2      | Noticed Sigmund
  1695 | D:3      | Identified the +2 helmet of Wamucw {Dex+8 Slay+3}
  1695 | D:3      | Noticed Robin
  1732 | D:3      | Killed Robin
  1877 | D:3      | Noticed Terence
  1885 | D:3      | Killed Terence
  1885 | D:3      | Reached XP level 5. HP: 28/28 MP: 6/6
  1935 | D:3      | Found a shadowy altar of Dithmenos.
  2635 | D:4      | Reached XP level 6. HP: 27/32 MP: 5/7
  3021 | D:5      | Entered Level 5 of the Dungeon
  3354 | D:5      | Reached XP level 7. HP: 32/37 MP: 8/8
  3705 | D:5      | Found a staircase to the Ecumenical Temple.
  3725 | Temple   | Entered the Ecumenical Temple
  3940 | Temple   | Became a worshipper of Warmaster Okawaru
  4656 | D:6      | Noticed a hornet
  4662 | D:6      | Paralysed by a hornet for 1 turns
  4664 | D:6      | Killed a hornet
  4664 | D:6      | Reached * piety under Okawaru
  4664 | D:6      | Gained mutation: You have razor-sharp teeth. [Vine Stalker
                  | growth]
  4664 | D:6      | Reached XP level 8. HP: 3/42 MP: 1/9
  4667 | D:6      | HP: 2/42 [poisoned by a hornet]
  4782 | D:6      | Found a runed translucent door.
  4787 | D:6      | Noticed Tux's ghost (novice DDEE)
  4955 | D:6      | Reached skill level 5 in Fighting
  5268 | D:6      | Found a runed translucent door.
  5284 | D:6      | Reached XP level 9. HP: 40/47 MP: 8/10
  5307 | D:5      | Reached ** piety under Okawaru
  5384 | D:7      | Reached skill level 5 in Short Blades
  5469 | D:7      | Found a flagged portal.
  5475 | D:7      | Reached skill level 5 in Dodging
  5514 | D:7      | Noticed TimmyIs's ghost (novice NaIE)
  5526 | D:7      | Found a runed translucent door.
  5902 | D:7      | Reached skill level 1 in Invocations
  6302 | D:8      | Reached skill level 5 in Armour
  6318 | D:8      | Reached *** piety under Okawaru
  6402 | D:8      | Noticed a two-headed ogre
  6477 | D:8      | Noticed a deep elf mage
  6693 | D:9      | Found Jueqey's Distillery.
  6726 | D:9      | Reached XP level 10. HP: 32/53 MP: 11/13
  6845 | D:9      | Bought a potion of lignification for 42 gold pieces
  6845 | D:9      | Bought a potion of haste for 140 gold pieces
  6935 | D:9      | Reached **** piety under Okawaru
  6998 | D:9      | Found Amutzef's Antique Armour Emporium.
  7011 | D:9      | Found Otojyipn's Jewellery Emporium.
  7119 | D:9      | Found Kopnit's Assorted Antiques.
  7128 | D:9      | Noticed a two-headed ogre
  7139 | D:9      | Killed a two-headed ogre
  7355 | D:9      | Found Sigre's Assorted Antiques.
  7496 | D:8      | Received a gift from Okawaru
  7652 | D:8      | Killed a two-headed ogre
  7766 | D:8      | Found a hazy altar of Hepliaklqana.
  7884 | D:8      | Killed a deep elf mage
  7969 | D:7      | Killed TimmyIs's ghost
  7969 | D:7      | Reached ***** piety under Okawaru
  7969 | D:7      | Reached XP level 11. HP: 51/58 MP: 15/15
  8173 | D:6      | Killed Tux's ghost
  8173 | D:6      | Received a gift from Okawaru
  8173 | D:6      | Reached skill level 5 in Invocations
  8370 | D:10     | Entered Level 10 of the Dungeon
  8795 | D:10     | Found Nisij's Book Shoppe.
  9061 | D:10     | Found a staircase to the Lair.
  9123 | D:10     | Found a staircase to the Orcish Mines.
  9132 | Orc:1    | Entered Level 1 of the Orcish Mines
  9132 | Orc:1    | Noticed an orc sorcerer
  9141 | Orc:1    | Killed an orc sorcerer
  9152 | Orc:1    | Noticed Erica
  9202 | Orc:1    | Killed Erica
  9206 | Orc:1    | Noticed an orc high priest
  9220 | Orc:1    | Noticed a soul eater
  9323 | Orc:1    | Killed an orc high priest
  9542 | Orc:2    | Entered Level 2 of the Orcish Mines
  9668 | Orc:2    | Reached ****** piety under Okawaru
  9968 | D:9      | Bought an uncursed amulet of faith for 640 gold pieces
 10010 | Lair:1   | Entered Level 1 of the Lair of Beasts
 10058 | Lair:1   | Received a gift from Okawaru
 10266 | Lair:1   | Found a dark tunnel.
 10275 | Volcano  | Entered a volcano
 10296 | Volcano  | Noticed a salamander mystic
 10296 | Volcano  | Noticed a salamander
 10296 | Volcano  | Noticed a salamander
 10310 | Volcano  | Killed a salamander mystic
 10310 | Volcano  | Gained mutation: You heal very quickly. [Vine Stalker
                  | growth]
 10310 | Volcano  | Reached XP level 12. HP: 65/65 MP: 17/17
 10331 | Volcano  | Received a gift from Okawaru
 10379 | Volcano  | Noticed a red draconian
 10404 | Volcano  | Killed a red draconian
 10622 | Lair:1   | Found a frozen archway.
 10676 | IceCv    | Entered an ice cave
 11679 | Lair:2   | Found a staircase to the Shoals.
 11709 | Lair:2   | Noticed an eight-headed hydra
 11718 | Lair:2   | Killed an eight-headed hydra
 12051 | Lair:3   | Got a coiled steel ring
 12053 | Lair:3   | Identified the ring "Akkofeuhey" {rC+ Str+3 Int+4} (You
                  | found it on level 3 of the Lair of Beasts)
 12420 | Lair:3   | Noticed Snorg
 12434 | Lair:3   | HP: 1/66 [Snorg (5)]
 12435 | Lair:3   | Slain by Snorg

Levels and vault maps discovered:
D:1:      nagdon_arrival_zigzag_paths, layout_basic, grunt_decor_cap,
          minmay_tiny_reverse_x
D:2:      layout_basic, nicolae_gozag_seed_capital,
          chequers_ecumenical_altar_simple, uniq_sigmund
D:3:      minmay_roachtagon, layout_basic, grunt_dithmenos_smoke, uniq_terence,
          uniq_robin
D:4:      layout_basic, abandoned_shop
D:5:      layout_layer_cave, minmay_temple_entry_offerings, first_ration
D:6:      layout_cave_pods, ebering_ghost_sewer_f, minmay_manual_mail
D:7:      layout_loops_corners, hellmonk_ghost_happy_afterlife, enter_bailey_3
D:8:      layout_cave_pools, special_room [special_room_orc], serial_park,
          serial_park_square2, serial_park_gazebo [serial_park_minivault_5x5_4],
          serial_park_square1 [serial_park_minivault_5x5_5],
          serial_park_tiny_pond
D:9:      layout_long_grid, serial_shops, nicolae_shop_statue_plus,
          shop_fountains, shop, nicolae_shop_behind_doors,
          nicolae_shop_statue_plus
D:10:     layout_small_grid, erik_lair_island, hiddenorc1_lemuel, serial_shops,
          shop_fountains
Temple:   regret_index_temple_sigil_plot
Lair:1:   wander_river, layout_gridlike, portal_ice_cave_entry_ice_beasts,
          lightli_volcano_entry_magma_tube, lemuel_fruit_tree
Lair:2:   layout_small_grid, shoals_dummy_entry, infiniplex_staircase_pool
Lair:3:   dpeg_oklob_gauntlet, layout_cave_pods, serial_bayou_shore_b,
          uniq_snorg
Orc:1:    layout_caves, nicolae_orc_tapped_out, uniq_erica
Orc:2:    grunt_orc_tribal_feast, layout_caves

Skill      XL: |  1  2  3  4  5  6  7  8  9 10 11 12 |
---------------+-------------------------------------+-----
Fighting       | 2 3 4 5 6 7 8 9 |  9.3
Short Blades   | 1 2 3 4 6 7 8 9 |  9.1
Dodging        | 2 3 4 5 6 7 8 |  8.6
Armour         | 1 2 3 4 5 6 7 8 |  8.3
Invocations    | 2 4 6 7 |  7.9
Throwing       | |  3.6
Stealth        | |  1.2

Action                   |  1- 3 |  4- 6 |  7- 9 | 10-12 || total
-------------------------+-------+-------+-------+-------++-------
Melee: Short sword       |    96 |   151 |    76 |       ||   323
       Bite              |    22 |    48 |   110 |   372 ||   552
       Dagger            |       |       |   153 |   682 ||   835
       Punch             |       |       |       |     9 ||     9
Throw: Javelin           |     4 |     6 |       |       ||    10
       Throwing net      |       |     1 |       |       ||     1
Invok: Heroism           |       |       |     5 |    11 ||    16
Evoke: Wand              |       |       |     1 |    20 ||    21
  Use: Potion            |     2 |       |     1 |       ||     3
       Scroll            |       |     2 |     4 |    11 ||    17
 Stab: Sleeping          |       |     2 |       |       ||     2
       Distracted        |       |       |       |     1 ||     1
  Eat: Chunk             |     1 |     7 |     8 |    13 ||    29
       Ration            |       |       |     1 |     2 ||     3
Armor: Leather armour    |    34 |       |       |       ||    34
       Ring mail         |       |    48 |    15 |     9 ||    72
       Chain mail        |       |       |    51 |     4 ||    55
       Plate armour      |       |       |       |   266 ||   266
Dodge: Dodged            |    76 |    82 |   134 |   291 ||   583
       Deflected         |       |       |       |     1 ||     1

Table legend:
 A = Non-vault XP
 B = Vault XP
 C = Vault XP percentage of total XP
 D = Non-vault monster count
 E = Vault monster count
 F = Vault count percentage of total count
                 A         B        C        D         E       F
            +---------+---------+-------+---------+---------+-------
      Total |   20319 |   10968 |  35.1 |     246 |     104 |  29.7
            +---------+---------+-------+---------+---------+-------
        D:1 |      39 |       4 |   9.3 |      20 |       2 |   9.1
        D:2 |      45 |       0 |   0.0 |      13 |       0 |   0.0
        D:3 |     131 |      87 |  39.9 |      24 |      22 |  47.8
        D:4 |     105 |       0 |   0.0 |       9 |       0 |   0.0
        D:5 |     421 |      13 |   3.0 |      16 |       1 |   5.9
        D:6 |    1057 |    1009 |  48.8 |      25 |      11 |  30.6
        D:7 |     977 |     788 |  44.6 |      14 |       5 |  26.3
        D:8 |    2081 |     370 |  15.1 |       9 |      24 |  72.7
        D:9 |    3048 |       0 |   0.0 |      36 |       0 |   0.0
       D:10 |    1252 |    1082 |  46.4 |      19 |      21 |  52.5
     Lair:1 |    2675 |    1055 |  28.3 |      13 |       8 |  38.1
     Lair:2 |    3654 |       0 |   0.0 |      13 |       0 |   0.0
     Lair:3 |    1742 |     557 |  24.2 |       9 |       1 |  10.0
      Orc:1 |    2674 |     837 |  23.8 |      18 |       1 |   5.3
      Orc:2 |     418 |       0 |   0.0 |       8 |       0 |   0.0
    Volcano |       0 |    5166 | 100.0 |       0 |       8 | 100.0
            +---------+---------+-------+---------+---------+-------
